 Dungeon Crawl Stone Soup version 0.17.2-1-ge4368a0 (webtiles) character file.

266 Goblin1989 the Skirmisher (level 6, -1/48 HPs)
             Began as a Demonspawn Berserker on July 27, 2016.
             Was a Believer of Trog.
             Slain by an ogre
             ... wielding a +0 giant spiked club
              (10 damage)
             ... on level 5 of the Dungeon.
             The game lasted 00:08:47 (761 turns).

Goblin1989 the Skirmisher (Demonspawn Berserker)     Turns: 761, Time: 00:08:47

Health: -1/48      AC: 12    Str: 19    XL:     6   Next: 0%
Magic:  0/6        EV:  8    Int:  9    God:    Trog [**....]
Gold:   0          SH:  0    Dex: 12    Spells: 0 memorised, 5 levels left

rFire  . . .     SeeInvis .     a - +0 falchion
rCold  . . .     Clarity  .     m - +0 chain mail
rNeg   . . .     SustAt   .     (no shield)
rPois  .         Gourm    .     (no helmet)
rElec  .         Spirit   +     k - +0 cloak
rCorr  .         Warding  .     (no gloves)
rMut   .         Stasis   .     (no boots)
MR     .....                    (no amulet)
Stlth  ..........               (no ring)
                                (no ring)

@: not resistant to hostile enchantments, extremely unstealthy
A: hooves 2, thin metallic scales 1, spiny 1, magic shield
a: Berserk, Trog's Hand, Burn Spellbooks, Renounce Religion


You were on level 5 of the Dungeon.
You worshipped Trog.
Trog was pleased with you.
You were near starving.

You visited 1 branch of the dungeon, and saw 5 of its levels.

You collected 96 gold pieces.
You spent 96 gold pieces at shops.

Inventory:

Hand Weapons
 a - a +0 falchion (weapon)
Armour
 k - a +0 cloak (worn)
 m - a +0 chain mail (worn)
Wands
 h - a wand of fireball (0)
 l - a wand of digging (10)
Potions
 b - a potion of lignification
 d - a potion of heal wounds
 e - 2 potions of curing
 g - 2 potions of flight
Books
 j - a book of Burglary

   Spells                             Type                      Level
   a - Swiftness                      Charms/Air                   2
   b - Passwall                       Transmutation/Earth          3
   c - Passage of Golubria            Translocation                4
   d - Lee's Rapid Deconstruction     Earth                        5
   e - Darkness                       Hexes                        6
   f - Invisibility                   Hexes                        6
   Trog disapproves of the use of such an item.
Comestibles
 c - 2 bread rations
 i - 4 fruits


   Skills:
 + Level 4.3 Fighting
 * Level 3.8 Long Blades
 + Level 3.0 Armour
 + Level 3.2 Dodging


You had 5 spell levels left.
You didn't know any spells.

Dungeon Overview and Level Annotations

Branches:
Dungeon (5/15)
 Temple: D:4-7

Altars:

Shops:
D:5 !


Innate Abilities, Weirdness & Mutations

You have hoof-like feet.
You are partially covered in thin metallic scales (AC +2).
You are partially covered in sharp spines.
When hurt, damage is shared between your health and your magic reserves.


Message History

You're too hungry to go berserk.
The ogre hits you with a giant spiked club!
All of the chunks of flesh in your inventory have rotted away.
You take 8 damage, and have 24/48 hp.
You now have 4/6 mp.
You hit the ogre. You kick the ogre.
The ogre is lightly wounded.
You barely miss the ogre.
The ogre is lightly wounded.
The ogre hits you with a giant spiked club.
You take 3 damage, and have 21/48 hp.
You completely miss the ogre.
The ogre is lightly wounded.
The ogre hits you with a giant spiked club!
* * * LOW HITPOINT WARNING * * *
You take 12 damage, and have 9/48 hp.
MASSIVE DAMAGE!!
You now have 1/6 mp.
You slash the ogre! You kick the ogre.
The ogre is heavily wounded.
The ogre is struck by your spines.
The ogre hits you with a giant spiked club!
You die...

.##.#.#.# ##..
....# #.# #####
#.# #.# #.#
############ #.#
#..........# #.#
#.########.# #.#
#.# #####'###
#####.###### #@#
#.......#
#..........# #O#
#.......#
#..........# #.#
#.......#
#..........# #.#
#.......####
#..........# #.#
#..........#
#..........###.#
#..........#
#####).(.......#
#.....#'#..#
###.........
#.....#∩#..#
#.#######
#.....###..##


You could see an ogre.

Vanquished Creatures
  A centaur (D:5)
  A scorpion (D:5)
  A hound (D:5)
  An orc wizard (D:5)
  A worker ant (D:5)
  An adder (D:5)
  A worm (D:3)
  A giant gecko (D:2)
  6 orcs (D:5)
  4 giant cockroaches
  3 goblins
  3 hobgoblins
  A kobold (D:2)
  2 quokkas
  3 bats
  3 giant newts
  2 rats
35 creatures vanquished.

Notes
Turn   | Place    | Note
--------------------------------------------------------------
     0 | D:1      | Goblin1989 the Demonspawn Berserker began the quest for the Orb.
     0 | D:1      | Reached XP level 1. HP: 18/18 MP: 1/1
   157 | D:1      | Gained mutation: You have large cloven feet. [demonic ancestry]
   157 | D:1      | Reached XP level 2. HP: 8/24 MP: 2/2
   235 | D:2      | ololoev: ты спидраннируешь что-ли?
   246 | D:2      | Goblin1989: пытаюсь
   246 | D:2      | ololoev: для начала попробуй vsbe с шортами
   246 | D:2      | ololoev: у него реген хороший
   246 | D:2      | Goblin1989: я же говорю - скучна
   246 | D:2      | Goblin1989: ок
   246 | D:2      | Goblin1989: сейчас этого убьем
   408 | D:5      | Entered Level 5 of the Dungeon
   424 | D:5      | Noticed a centaur
   431 | D:5      | HP: 1/36 [centaur (6)]
   432 | D:5      | Killed a centaur
   432 | D:5      | Gained mutation: You have hoof-like feet. [demonic ancestry]
   432 | D:5      | Reached XP level 3. HP: 1/30 MP: 3/3
   432 | D:5      | Gained mutation: When hurt, damage is shared between your health and your magic reserves. [demonic ancestry]
   432 | D:5      | Reached XP level 4. HP: 1/37 MP: 4/4
   480 | D:5      | Reached ** piety under Trog
   480 | D:5      | Reached skill level 4 in Fighting
   480 | D:5      | Gained mutation: You are partially covered in thin metallic scales (AC +2). [demonic ancestry]
   480 | D:5      | Reached XP level 5. HP: 6/42 MP: 3/5
   686 | D:5      | Gained mutation: You are partially covered in sharp spines. [demonic ancestry]
   686 | D:5      | Reached XP level 6. HP: 26/48 MP: 4/6
   733 | D:5      | Found Muashaxe's Distillery.
   736 | D:5      | Bought a potion of heal wounds for 60 gold pieces
   736 | D:5      | Bought a potion of flight for 36 gold pieces
   754 | D:5      | Noticed an ogre
   761 | D:5      | Slain by an ogre

Action                   |  1- 3 |  4- 6 || total
-------------------------+-------+-------++-------
Melee: Falchion          |   109 |    38 ||   147
Invok: Berserk           |     3 |     2 ||     5
Evoke: Wand              |       |     3 ||     3
  Use: Scroll            |     5 |     2 ||     7
  Eat: Chunk             |       |     3 ||     3
